 Dungeon Crawl Stone Soup version 0.30.1-11-g7821555f0a (webtiles) character file.

Game seed: 6844472154138818521

40934 N20BOY the Severer (level 13, -2/125 HPs)
             Began as a Minotaur Berserker on Dec 26, 2023.
             Was an Elder of Trog.
             Slain by a ten-headed hydra (7 damage)
             ... on level 14 of the Dungeon on Dec 27, 2023.
             The game lasted 00:57:24 (15889 turns).

N20BOY the Severer (Minotaur Berserker)            Turns: 15889, Time: 00:57:26

Health: -2/125     AC: 28    Str: 32    XL:     13   Next: 77%
Magic:  0/12       EV: 13    Int:  7    God:    Trog [****..]
Gold:   1458       SH:  0    Dex: 17    Spells: 12/12 levels left

rFire   + . .        r - +2 war axe (heavy)
rCold   . . .        (no shield)
rNeg    . . .        E - +11 chain mail of Words of Power {rF+ Int+3}
rPois   .            (helmet restricted)
rElec   .            (no cloak)
rCorr   .            d - +2 pair of gloves
SInv    .            (no boots)
Will    ++...        i - amulet of guardian spirit Stlth
                     G - +6 ring of strength
HPRegen 1.40/turn    v - +6 ring of dexterity
MPRegen 0.13/turn

%: guardian spirit
@: mighty, about to teleport, strong-willed (expiring), on berserk cooldown,
regenerating (expiring), slowed, very slow
A: horns 2, retaliatory headbutt
a: Renounce Religion, Berserk, Trog's Hand, Brothers in Arms


You were on level 14 of the Dungeon.
You worshipped Trog.
Trog was greatly pleased with you.
You visited 1 branch of the dungeon, and saw 14 of its levels.
You visited the Abyss 1 time.

You collected 1503 gold pieces.
You spent 45 gold pieces at shops.

Inventory:

Hand Weapons
 a - a +2 hand axe
 g - a +0 sling
 r - a +2 heavy war axe (weapon)
Missiles
 c - 102 stones (quivered)
Armour
 b - a +0 animal skin
 d - a +2 pair of gloves (worn)
 e - a +0 ring mail
 f - the +3 plate armour of the Fife {rCorr}
   (You found it on level 3 of the Dungeon)

   rCorr:     It protects you from acid and corrosion.
 m - a +0 chain mail
 E - the +11 chain mail of Words of Power (worn) {rF+ Int+3}
   (You acquired it on level 10 of the Dungeon)

   Int:       It affects your intelligence (+3).
   rF:        It protects you from fire.
Jewellery
 i - an amulet of guardian spirit (around neck)
 u - an amulet of magic regeneration
 v - a +6 ring of dexterity (right hand)
 w - a +6 ring of intelligence
 B - a ring of protection from cold
 G - a +6 ring of strength (left hand)
Wands
 l - a wand of roots (17)
 t - a wand of mindburst (10)
 C - a wand of charming (8)
 D - a wand of digging (13)
 I - a wand of polymorph (23)
 K - a wand of flame (6)
Scrolls
 k - 5 scrolls of identify
 s - a scroll of torment
 x - a scroll of fear
 L - a scroll of silence {unknown}
 N - a scroll of fog {unknown}
 O - a scroll of magic mapping
 P - a scroll of enchant armour
Potions
 h - 3 potions of mutation
 n - 2 potions of flight
 o - a potion of haste
 p - 4 potions of ambrosia
 q - 9 potions of curing
 z - a potion of lignification
 A - a potion of invisibility
 F - a potion of resistance
 M - a potion of berserk rage
Miscellaneous
 J - a condenser vane


   Skills:
 + Level 14.4 Fighting
 + Level 17.7 Axes
 + Level 16.2 Armour
 + Level 6.5 Dodging
 + Level 2.4 Stealth
 + Level 1.4 Evocations


You had 12 spell levels left.
You didn't know any spells.
Your spell library was empty.

Dungeon Overview and Level Annotations

Branches:
Dungeon (14/15)            Temple (0/1) D:5            Lair (0/5) D:9
    Orc (0/2) D:12         Vaults (0/5) D:14

Altars:
Ashenzari
Elyvilon
Fedhas
Gozag
Kikubaaqudgha
Okawaru
Sif Muna
Trog
Uskayaw
Wu Jian
Xom
Zin

Shops:
D:9 *   D:10 *   D:13 **

Annotations:
D:12 2 transporters, dchavez06's ghost, journeyman MfIE


Innate Abilities, Weirdness & Mutations

You have a pair of horns on your head.
You reflexively headbutt those who attack you in melee.


Message History

The ten-headed hydra misses you.
The ten-headed hydra closely misses you.
You fail to use your ability.
You feel the effects of Trog's Hand fading.
The ten-headed hydra completely misses you.
The ten-headed hydra bites you but does no damage. x3
The ten-headed hydra barely misses you. The ten-headed hydra bites you.
The ten-headed hydra bites you but does no damage.
The ten-headed hydra barely misses you. The ten-headed hydra bites you.
The ten-headed hydra bites you but does no damage. x3
The ten-headed hydra barely misses you. The ten-headed hydra bites you!
* * * LOW HITPOINT WARNING * * *
The ten-headed hydra bites you but does no damage. x3
The ten-headed hydra bites you.
* * * LOW HITPOINT WARNING * * *
The ten-headed hydra misses you.
The ten-headed hydra bites you but does no damage.
As you read the scroll of teleportation, it crumbles to dust.
You feel strangely unstable. The ten-headed hydra barely misses you.
You furiously retaliate!
You headbutt the ten-headed hydra!!
The ten-headed hydra bites you but does no damage.
The ten-headed hydra closely misses you. x2
The ten-headed hydra misses you. The ten-headed hydra bites you!
* * * LOW HITPOINT WARNING * * *
The ten-headed hydra barely misses you.
The ten-headed hydra bites you but does no damage. x3
The ten-headed hydra bites you but does no damage.
The ten-headed hydra bites you.
* * * LOW HITPOINT WARNING * * *
The ten-headed hydra bites you!
* * * LOW HITPOINT WARNING * * *
The ten-headed hydra bites you.
* * * LOW HITPOINT WARNING * * *
The ten-headed hydra bites you!
* * * LOW HITPOINT WARNING * * *
The ten-headed hydra completely misses you.
The ten-headed hydra misses you.
The ten-headed hydra bites you but does no damage.
The ten-headed hydra bites you!
You die...

.#>.............#
.'.......)......#
.#..........)...# .
.#####'##.......# ..
###.....#.......#####'##
..#.....#....†..........
..#.....#....†..).......
..'.....#......D†.......
###.....#......†@.......
.##.....#...............
.##.....#...............
........#...............
........#.......########
.##.....#.......#
####....#.......#
........#.......
##.#....#


You could see a ten-headed hydra.

Vanquished Creatures
  Gastronok (D:8)
  Frances (D:12)
  Kirke (D:14)
  Louise (D:14)
  Snorg (D:10)
  A blizzard demon (Abyss:1)
  4 vault guards (D:14)
  A hydra (D:14)
  Erolcha (D:11)
  2 centaur warriors
  2 boulder beetles
  3 two-headed ogres
  2 hell hogs (Abyss:1)
  Lodul (D:10)
  Pikel (D:8)
  2 deep elf pyromancers
  3 manticores (D:14)
  2 cyclopes
  6 ugly things
  An elephant (D:9)
  Maurice (D:10)
  A gargoyle (D:12)
  3 unseen horrors
  Psyche (D:9)
  A large abomination (Abyss:1)
  2 ancient zymes (Abyss:1)
  An ice devil (Abyss:1)
  A tengu conjurer (D:13)
  4 trolls
  2 polar bears (D:12)
  A hornet (D:9)
  3 centaur simulacra (D:12)
  29 slime creatures
  8 yaks
  A shadow (D:12)
  7 hogs (D:14)
  2 basilisks
  A ynoxinul (Abyss:1)
  A water elemental (D:12)
  3 wraiths
  2 vampires
  2 small abominations (Abyss:1)
  Eustachio (D:4)
  4 vampire mosquitoes (D:12)
  Menkaure (D:7)
  5 water moccasins
  An acid dragon (D:12)
  Duvessa (D:6)
  4 orc warriors
  3 black bears
  An ice beast (D:12)
  9 ogres (D:10)
  3 boggarts (D:14)
  2 phantoms (D:5)
  8 centaurs
  A gnoll sergeant (D:7)
  2 kobold brigands
  6 bullfrogs
  A scorpion (D:6)
  5 wights (D:8)
  Dowan (D:6)
  A hornet simulacrum (D:14)
  15 killer bees
  2 howler monkeys
  A hound (D:6)
  7 orc priests
  Crazy Yiuf (D:7)
  2 iguanas
  2 jellies
  Jessica (D:2)
  Terence (D:3)
  7 orc wizards
  A boggart simulacrum (D:12)
  6 adders
  7 gnolls
  A shadow imp (D:5)
  18 white imps
  7 ufetubi
  3 worms (D:3)
  2 dart slugs
  33 orcs
  9 ball pythons
  3 bat zombies (D:11)
  10 endoplasms
  3 giant cockroaches
  8 goblins
  6 hobgoblins
  4 jackals (D:2)
  3 quokkas
  8 bats
  3 frilled lizards
  22 kobolds
  7 rats
377 creatures vanquished.

Vanquished Creatures (collateral kills)
  An ugly thing (D:14)
  A slime creature (D:14)
2 creatures vanquished.

Vanquished Creatures (others)
  A white imp (D:12)
1 creature vanquished.

Grand Total: 380 creatures vanquished

Notes
Turn   | Place    | Note
-------+----------+-------------------------------------------
     0 | D:1      | N20BOY the Minotaur Berserker began the quest for the Orb.
     0 | D:1      | Reached XP level 1. HP: 19/19 MP: 0/0
   182 | D:1      | Reached XP level 2. HP: 27/27 MP: 1/1
   391 | D:1      | Reached skill level 4 in Axes
   553 | D:1      | Found a faded altar of an unknown god.
   852 | D:2      | Reached XP level 3. HP: 33/33 MP: 2/2
   986 | D:2      | Noticed Jessica
   994 | D:2      | Killed Jessica
   994 | D:2      | Reached ** piety under Trog
  1011 | D:2      | Reached XP level 4. HP: 32/41 MP: 3/3
  1262 | D:2      | Reached skill level 5 in Axes
  1712 | D:3      | Identified the +3 plate armour of the Fife {rCorr}
  1867 | D:3      | Found a white marble altar of Elyvilon.
  1954 | D:3      | Reached XP level 5. HP: 47/47 MP: 4/4
  2072 | D:3      | Found a glowing silver altar of Zin.
  2072 | D:3      | Noticed an angel
  2108 | D:3      | Noticed Terence
  2129 | D:3      | Killed Terence
  2607 | D:4      | Noticed Eustachio
  2617 | D:4      | Killed Eustachio
  2618 | D:4      | Reached skill level 5 in Fighting
  2618 | D:4      | Reached skill level 6 in Axes
  2618 | D:4      | Reached XP level 6. HP: 56/56 MP: 5/5
  2786 | D:4      | Found a hide-covered altar of Uskayaw.
  2788 | D:4      | Noticed a +0 hand axe
  2788 | D:4      | Noticed a +0 hand axe
  3154 | D:4      | Found a blossoming altar of Fedhas.
  3154 | D:4      | Found a faded altar of an unknown god.
  3162 | D:4      | Found an opulent altar of Gozag.
  3164 | D:4      | Found a shimmering altar of Xom.
  3166 | D:4      | Found an ornate altar of the Wu Jian Council.
  3647 | D:5      | Entered Level 5 of the Dungeon
  3755 | D:5      | Reached skill level 5 in Armour
  3876 | D:5      | Reached *** piety under Trog
  3877 | D:5      | Reached XP level 7. HP: 53/61 MP: 6/6
  3926 | D:5      | Reached skill level 7 in Axes
  4047 | D:5      | Found a staircase to the Ecumenical Temple.
  4596 | D:6      | Noticed Duvessa
  4596 | D:6      | Noticed Dowan
  4601 | D:6      | Killed Dowan
  4602 | D:6      | Reached XP level 8. HP: 70/70 MP: 5/7
  4607 | D:6      | Reached skill level 8 in Axes
  4607 | D:6      | Killed Duvessa
  4835 | D:6      | Reached skill level 9 in Axes
  5651 | D:6      | Reached XP level 9. HP: 76/79 MP: 8/8
  6179 | D:7      | Reached skill level 10 in Axes
  6179 | D:7      | Reached skill level 1 in Stealth
  6410 | D:7      | Noticed Menkaure
  6422 | D:7      | Killed Menkaure
  6937 | D:7      | Found a runed translucent door.
  6938 | D:7      | Noticed Crazy Yiuf
  7238 | D:7      | Killed Crazy Yiuf
  8110 | D:8      | Noticed Pikel
  8121 | D:8      | Killed Pikel
  8122 | D:8      | Reached skill level 11 in Axes
  8122 | D:8      | Reached skill level 10 in Armour
  8296 | D:8      | Noticed Gastronok
  8316 | D:8      | Killed Gastronok
  8317 | D:8      | Reached XP level 10. HP: 90/90 MP: 9/9
  8481 | D:8      | Noticed a cyclops
  8500 | D:8      | Killed a cyclops
  8793 | D:8      | Found a shimmering blue altar of Sif Muna.
  8957 | D:8      | Reached skill level 12 in Axes
  9316 | D:9      | Found Feim's Lightly-Used Armoury.
  9474 | D:9      | Noticed Psyche
  9475 | D:9      | Found a staircase to the Lair.
  9475 | D:9      | Noticed an elephant
  9492 | D:9      | Killed Psyche
  9493 | D:9      | Killed an elephant
  9696 | D:9      | Paralysed by a hornet for 1 turns
  9700 | D:9      | Paralysed by a hornet for 3 turns
 10377 | D:9      | Reached **** piety under Trog
 10465 | D:10     | Entered Level 10 of the Dungeon
 10537 | D:10     | Noticed Maurice
 10546 | D:10     | Killed Maurice
 10597 | D:10     | Reached skill level 10 in Fighting
 10601 | D:10     | Reached skill level 13 in Axes
 10602 | D:10     | Reached XP level 11. HP: 62/99 MP: 6/10
 10734 | D:10     | Found a flagged portal.
 10820 | D:10     | Noticed Snorg
 10829 | D:10     | Killed Snorg
 10834 | D:10     | Found an iron altar of Okawaru.
 10886 | D:10     | Noticed Lodul
 10897 | D:10     | Killed Lodul
 10979 | D:10     | Found a broken altar of Ashenzari.
 11062 | D:10     | Reached skill level 14 in Axes
 11159 | D:10     | Found Difeum's Serpentskin Sales.
 11249 | D:11     | Noticed a two-headed ogre
 11249 | D:11     | Noticed a deep elf pyromancer
 11257 | D:10     | Identified a scroll of acquirement
 11258 | D:10     | Acquired the +11 chain mail of Words of Power {rF+ Int+3}
 11292 | D:11     | Noticed Erolcha
 11300 | Abyss:1  | Cast into level 1 of the Abyss (Erolcha)
 11330 | Abyss:1  | Noticed a blizzard demon
 11336 | Abyss:1  | Killed a blizzard demon
 11592 | Abyss:1  | Noticed a hell hog
 11593 | Abyss:1  | Noticed a hell hog
 11595 | Abyss:1  | Noticed a hell hog
 11595 | Abyss:1  | Noticed a glowing orange brain
 11603 | Abyss:1  | Killed a hell hog
 11610 | Abyss:1  | Killed a hell hog
 11610 | Abyss:1  | Found a corrupted altar of Lugonu.
 11610 | Abyss:1  | Found a corrupted altar of Lugonu.
 11621 | Abyss:1  | Reached skill level 15 in Axes
 11649 | D:11     | Escaped the Abyss
 11654 | D:11     | Killed Erolcha
 11779 | D:11     | Reached XP level 12. HP: 102/110 MP: 9/11
 11931 | D:11     | Found an ancient bone altar of Kikubaaqudgha.
 12741 | D:12     | Noticed a two-headed ogre
 12747 | D:12     | Killed a two-headed ogre
 12759 | D:12     | Reached skill level 16 in Axes
 12882 | D:12     | Identified the +0 scimitar of Ythiquno {antimagic, rElec
                  | rCorr Stlth+}
 12898 | D:12     | Found a frozen archway.
 12899 | D:12     | Found a transporter.
 12907 | D:12     | Noticed a boulder beetle
 13149 | D:12     | Found a staircase to the Orcish Mines.
 13153 | D:12     | Noticed a two-headed ogre
 13165 | D:12     | Killed a two-headed ogre
 13313 | D:12     | Killed a boulder beetle
 13314 | D:12     | Reached skill level 15 in Armour
 13388 | D:12     | Reached skill level 5 in Dodging
 13447 | D:12     | Found a transporter.
 13449 | D:12     | Noticed Frances
 13464 | D:12     | Killed Frances
 13614 | D:12     | Found a bloodstained altar of Trog.
 13614 | D:12     | Noticed dchavez06's ghost (journeyman MfIE)
 13614 | D:12     | Noticed a tengu warrior
 13614 | D:12     | Noticed a two-headed ogre
 13727 | D:12     | Noticed a tengu warrior
 13728 | D:12     | Noticed a two-headed ogre
 14167 | D:13     | Found Cawiat's General Store.
 14173 | D:13     | Bought a scroll of teleportation for 45 gold pieces
 14231 | D:13     | Noticed a centaur warrior
 14240 | D:13     | Reached XP level 13. HP: 113/119 MP: 7/12
 14244 | D:13     | Reached ***** piety under Trog
 14610 | D:13     | Reached skill level 17 in Axes
 14723 | D:13     | Found Xeewysh's Assorted Antiques.
 15024 | D:14     | Noticed Louise
 15036 | D:14     | Killed Louise
 15566 | D:14     | Reached skill level 1 in Evocations
 15577 | D:14     | Found a gate to the Vaults.
 15842 | D:14     | Noticed Kirke
 15856 | D:14     | Killed Kirke
 15889 | D:14     | HP: 5/125 [ten-headed hydra (6)]
 15889 | D:14     | Slain by a ten-headed hydra

Illustrated notes

Levels and vault maps discovered:
D:1:      dpeg_arrival_shrine, layout_basic, ebering_ecumenical_altar_petrified
D:2:      minmay_chambers_of_ones, layout_basic, nrook_uturn, uniq_jessica
D:3:      layout_basic, zin_angel, mainiacjoe_overflow_catwalk, uniq_terence
D:4:      layout_loops_ring, dancing_weapons_uskayaw,
          chequers_temple_overflow_minitemple, uniq_eustachio
D:5:      layout_basic, minmay_temple_entry_junction_2
D:6:      kennysheep_six_static_rooms, layout_basic, kennysheep_small_circle,
          uniq_duvessa
D:7:      layout_gridville, uniq_crazy_yiuf_cottage, uniq_menkaure
D:8:      layout_basic, lemuel_tele_altar, uniq_gastronok, uniq_pikel
D:9:      cheibrodos_iron_armory, layout_basic, david_lair_generic,
          minmay_shop_damaged, uniq_psyche
D:10:     layout_rooms, ashenzari_conservatory_becter,
          okawaru_ov_weapons_minmay, enter_bailey_3, guppyfry_shop_venom,
          uniq_snorg, uniq_maurice, uniq_lodul
D:11:     layout_roguey, lemuel_zombie_altar_kikubaaqudgha, uniq_erolcha
D:12:     layout_cross, orc_0_dummy, portal_ice_cave_entry_imps, serial_ice,
          serial_ice_d, serial_ice_k, serial_ice_g, serial_ice_n,
          gammafunk_ghost_wrathful_warriors, pond, uniq_frances
D:13:     layout_cave_pools, serial_shops,
          nicolae_shop_temple_entry_statues_fountains, shop
D:14:     layout_gridville, lightli_vaults_fourway_checkpoint,
          minmay_misc_feat_encased, uniq_kirke, uniq_louise

Skill      XL: |  1  2  3  4  5  6  7  8  9 10 11 12 13 |
---------------+----------------------------------------+-----
Fighting       | 4 5 6 7 8 10 11 12 14 | 14.4
Axes           | 4 5 6 7 9 11 13 15 16 17 | 17.7
Armour         | 3 4 5 6 8 10 12 14 15 16 | 16.2
Dodging        | 3 4 5 6 |  6.5
Stealth        | 1 2 |  2.4
Evocations     | 1 |  1.4

Action                     |  1- 3 |  4- 6 |  7- 9 | 10-12 | 13-15 || total
---------------------------+-------+-------+-------+-------+-------++-------
  Melee: Hand axe          |    51 |   132 |   201 |    45 |       ||   429
         Headbutt          |     7 |    23 |    42 |    75 |    17 ||   164
         Punch             |     1 |       |     1 |     3 |     6 ||    11
         War axe           |       |       |       |   294 |   100 ||   394
 Invoke: Berserk           |       |     1 |     6 |    13 |     3 ||    23
         Trog's Hand       |       |     1 |     5 |    13 |     8 ||    27
         Brothers in Arms  |       |       |       |       |     1 ||     1
  Evoke: Wand              |       |       |       |     6 |     1 ||     7
    Use: Potion            |     5 |     8 |     3 |     6 |     3 ||    25
         Scroll            |     2 |     8 |     6 |    12 |     3 ||    31
   Stab: Distracted        |       |       |       |       |     1 ||     1
 Armour: Chain mail        |    28 |    29 |       |   227 |   119 ||   403
         Plate armour      |       |    62 |   209 |   159 |       ||   430
         Skin              |       |       |       |       |    37 ||    37
  Dodge: Dodged            |    42 |    39 |   110 |   221 |    97 ||   509
